[Event "Titled Tuesday Blitz January 31 Early 2023"]
[White "Iskusnyh, Sergei"]
[Black "Torres Dominguez, David"]
[WhiteFideId "4120027"]
[BlackFideId "2220857"]
[WhiteElo "2440"]
[BlackElo "1994"]
[Result "0-1"]
[Round "01"]
[TimeControl "180+2"]
[Date "2023.01.31"]
[WhiteClock "0:00:09"]
[BlackClock "0:00:14"]

1. d4 e5 2. dxe5 d6 3. exd6 Bxd6 4. Nf3 Bg4 5. Bg5 f6 6. Bh4 Qe7 7. Nc3 Nc6 8. Nd4 Ne5 9. h3 Bd7 10. e3 O-O-O 11. Be2 Ng6 12. Nf3 Bc6 13. Qd4 Kb8 14. O-O-O Nh6 15. Qc4 a6 16. Rxd6 Rxd6 17. Bg3 Ne5 18. Nxe5 fxe5 19. Bd3 Bxg2 20. Rg1 Bxh3 21. Ne4 Rc6 22. Qa4 Bd7 23. Qb3 Nf5 24. Bh2 g6 25. Nc3 Rd8 26. Nd5 Qc5 27. Be4 Be6 28. Rd1 Bxd5 29. Bxd5 Rb6 30. Qd3 Ne7 31. e4 Nxd5 32. exd5 Rbd6 33. Re1 Rxd5 34. Qe2 Rd2 35. Qe4 R8d4 36. b4 Qxb4 37. Qxe5 Qa3+ 38. Kb1 Rb4+ 39. Ka1 Rxc2 0-1


[Site "https://www.chess.com"]

[Event "Titled Tuesday Blitz January 31 Early 2023"]
[White "Bhambure, Shantanu"]
[Black "Sailer, Mike"]
[WhiteFideId "5025931"]
[BlackFideId "2012901"]
[WhiteElo "2336"]
[BlackElo "2109"]
[Result "1-0"]
[Round "01"]
[TimeControl "180+2"]
[Date "2023.01.31"]
[WhiteClock "0:01:27"]
[BlackClock "0:01:37"]

1. d4 d5 2. c4 Bf5 3. cxd5 Bxb1 4. Qa4+ Qd7 5. Qxd7+ Nxd7 6. Rxb1 Ngf6 7. Nf3 Nb6 8. e3 Nbxd5 9. b4 e6 10. b5 Bb4+ 11. Bd2 Bxd2+ 12. Nxd2 O-O-O 13. Bd3 Rhe8 14. Nf3 h6 15. O-O Nd7 16. Rfc1 e5 17. Bc4 N7b6 18. Nxe5 Nxc4 19. Rxc4 f6 20. Nd3 Nb6 21. Rc2 Rd5 22. Nc5 f5 23. g3 g5 24. a4 Kb8 25. a5 Nc8 26. Kg2 Nd6 27. b6 cxb6 28. axb6 Ne4 29. bxa7+ Kxa7 30. Rxb7+ 1-0


[Site "https://www.chess.com"]

[Event "Titled Tuesday Blitz January 31 Early 2023"]
[White "Marin Ramirez, Gerardo"]
[Black "Machidon, Cristi"]
[WhiteFideId "3901068"]
[BlackFideId "13904590"]
[WhiteElo "2127"]
[BlackElo "2301"]
[Result "0-1"]
[Round "01"]
[TimeControl "180+2"]
[Date "2023.01.31"]
[WhiteClock "0:00:01"]
[BlackClock "0:00:14"]

1. d4 Nf6 2. Nf3 d6 3. c4 Nbd7 4. g3 e5 5. Bg2 Be7 6. Nc3 O-O 7. O-O c6 8. Qc2 Re8 9. Rd1 Qc7 10. b3 Bf8 11. Bb2 e4 12. Ne1 d5 13. cxd5 cxd5 14. Nxe4 Qxc2 15. Nxf6+ Nxf6 16. Nxc2 Rxe2 17. Rac1 Bf5 18. Ne3 Rxb2 19. Nxf5 Rxa2 20. Rc7 b5 21. Rb7 b4 22. Ne3 Rd8 23. Rc1 a5 24. Rcc7 Ra1+ 25. Bf1 Ne4 26. Kg2 Nd2 27. Bd3 Nxb3 28. Nf5 g6 29. Rxf7 gxf5 30. Bxf5 Nxd4 31. Bxh7+ Kh8 32. Bg6 Re1 33. Rh7+ Kg8 34. Rh5 Re7 35. Rb6 Rg7 36. Bd3 b3 0-1


[Site "https://www.chess.com"]

[Event "Titled Tuesday Blitz January 31 Early 2023"]
[White "Aaditya Dhingra"]
[Black "Ruge, Edison"]
[WhiteFideId "25678191"]
[BlackFideId "4401000"]
[WhiteElo "2027"]
[BlackElo "2201"]
[Result "1-0"]
[Round "01"]
[TimeControl "180+2"]
[Date "2023.01.31"]
[WhiteClock "0:00:13"]
[BlackClock "0:00:17"]

1. Nf3 e6 2. e4 d5 3. d3 c6 4. Nbd2 f5 5. exf5 exf5 6. d4 Nf6 7. Bd3 Bd6 8. O-O O-O 9. Ne5 g6 10. c4 Be6 11. Re1 Qc8 12. Ndf3 Ne4 13. Ng5 Nxg5 14. Bxg5 Bxe5 15. Rxe5 dxc4 16. Be2 Bd5 17. Bf3 Bxf3 18. Qxf3 Nd7 19. Re7 Rf7 20. Rae1 Qf8 21. R7e6 Nb6 22. h4 Nd5 23. h5 Qg7 24. hxg6 hxg6 25. Bf4 Rff8 26. Qg3 Kf7 27. Bg5 Qxd4 28. Qd6 Qg7 29. Re7+ Nxe7 30. Rxe7+ Kg8 31. Rxg7+ Kxg7 32. Qe5+ Kg8 33. Qe6+ Kg7 34. Qxc4 Rae8 35. g3 Rf7 36. Be3 a6 37. Qc5 Rd7 38. Bd4+ Kg8 39. Be3 Kg7 40. Qc4 Rd5 41. Qh4 Rh8 42. Bd4+ Rxd4 43. Qxd4+ Kg8 44. Qd8+ Kg7 45. Qd7+ Kh6 46. Qxb7 Re8 47. Qxc6 Re1+ 48. Kg2 Re2 49. Qc3 Kh7 50. a4 a5 51. b4 axb4 52. Qxb4 f4 53. Qxf4 1-0


[Site "https://www.chess.com"]

[Event "Titled Tuesday Blitz January 31 Early 2023"]
[White "Hartikainen, Jarmo"]
[Black "Martynov, Pavel"]
[WhiteFideId "503134"]
[BlackFideId "4101260"]
[WhiteElo "2108"]
[BlackElo "2414"]
[Result "0-1"]
[Round "01"]
[TimeControl "180+2"]
[Date "2023.01.31"]
[WhiteClock "0:00:13"]
[BlackClock "0:00:21"]

1. e4 c5 2. c3 d5 3. exd5 Qxd5 4. d4 e6 5. Na3 Nf6 6. Be3 cxd4 7. Nb5 Na6 8. Qxd4 Be7 9. Nf3 O-O 10. Bc4 Qh5 11. Qe5 Qg4 12. Qf4 Bd7 13. O-O Bc6 14. Nxa7 Qxf4 15. Bxf4 Rxa7 16. Rfd1 Raa8 17. b4 Bd5 18. Be2 Ne4 19. c4 Nc3 20. Kf1 Nxe2 21. Kxe2 Bxc4+ 22. Ke1 Bxb4+ 23. Bd2 Bd5 24. a3 Bxf3 25. gxf3 Bxd2+ 26. Rxd2 Nc5 27. Rc2 Ra5 28. Ke2 g6 29. Rac1 b6 30. Rc3 Rfa8 31. Rb1 R8a6 32. h3 Kg7 33. Kd2 h5 34. Kc2 Rxa3 35. Rxa3 Rxa3 36. Rxb6 Rxf3 37. Rc6 Nd7 38. Kd2 Rxf2+ 39. Ke3 Rf3+ 40. Kxf3 Ne5+ 41. Ke4 Nxc6 42. Kf3 f6 43. h4 Kf7 44. Kf4 Ke7 45. Ke4 Kd6 46. Kf4 e5+ 0-1


[Site "https://www.chess.com"]

[Event "Titled Tuesday Blitz January 31 Early 2023"]
[White "Cramling Bellon, Anna"]
[Black "Jakubowski, Krzysztof"]
[WhiteFideId "32009232"]
[BlackFideId "1112848"]
[WhiteElo "2043"]
[BlackElo "2486"]
[Result "0-1"]
[Round "01"]
[TimeControl "180+2"]
[Date "2023.01.31"]
[WhiteClock "0:00:02"]
[BlackClock "0:00:06"]

1. d4 Nf6 2. c4 e6 3. Nf3 b6 4. Nc3 Bb7 5. e3 d5 6. cxd5 Nxd5 7. Bd3 g6 8. Nxd5 Qxd5 9. e4 Qa5+ 10. Bd2 Bb4 11. Bxb4 Qxb4+ 12. Qd2 Qxd2+ 13. Kxd2 Nd7 14. Rac1 Rc8 15. h4 h6 16. Bb5 c6 17. Ba4 Ke7 18. Ne5 Nxe5 19. dxe5 Rhd8+ 20. Ke3 c5 21. Rhd1 Rd4 22. Bc2 Rcd8 23. f3 g5 24. hxg5 hxg5 25. g4 Ba6 26. Rxd4 Rxd4 27. Rd1 Rxd1 28. Bxd1 Bb5 29. f4 gxf4+ 30. Kxf4 Kf8 31. g5 Kg7 32. Bh5 Bd3 33. Ke3 Bb1 34. a3 b5 35. Be2 a6 36. a4 bxa4 37. Bxa6 Kg6 38. Bb5 Bc2 39. Be8 Bb3 40. Kf4 c4 41. Ke3 c3 42. bxc3 a3 43. c4 a2 44. Bxf7+ Kxf7 45. g6+ Kxg6 46. Kd4 Ba4 47. Kc5 a1=Q 48. Kd6 Qa3+ 49. c5 Bb5 50. Kxe6 Qb3+ 51. Kd6 Qc4 52. e6 Qd4+ 53. Kc7 Qxc5+ 54. Kd8 Qd6+ 55. Kc8 Ba6# 0-1


[Site "https://www.chess.com"]

[Event "Titled Tuesday Blitz January 31 Early 2023"]
[White "Lesbekova, Assel"]
[Black "Ordekalog"]
[WhiteFideId "13713248"]
[WhiteElo "1772"]
[BlackElo "2589"]
[Result "1-0"]
[Round "01"]
[TimeControl "180+2"]
[Date "2023.01.31"]
[WhiteClock "0:00:07"]
[BlackClock "0:00:53"]

1. e4 d5 2. exd5 Nf6 3. Bb5+ Bd7 4. Bxd7+ Qxd7 5. Nf3 Nxd5 6. d4 e6 7. c4 Nb6 8. Ne5 Qd8 9. Qf3 Bb4+ 10. Bd2 Bxd2+ 11. Nxd2 O-O 12. Qxb7 Qxd4 13. Ndf3 Qxb2 14. O-O N8d7 15. Nxd7 Rfd8 16. Nxb6 Qxb6 17. Qxb6 axb6 18. Rfc1 Ra5 19. Kf1 f6 20. Ke2 Rda8 21. Rc2 e5 22. Nd2 Kf7 23. c5 b5 24. c6 Ke6 25. Nb3 Ra3 26. Nc5+ Kd5 27. Nd7 b4 28. Rd1+ Ke6 29. Nc5+ Kf5 30. Rdd2 R8a5 31. f3 Rc3 32. g4+ Kg6 33. Ne6 Ra6 34. Nd8 Rca3 35. Ne6 Rc3 36. Nd8 h5 37. h3 h4 38. Rxc3 bxc3 39. Rc2 f5 40. gxf5+ Kxf5 41. Rxc3 Rxa2+ 42. Ke3 g5 43. Rb3 Ra8 44. Nb7 Ra6 45. Rc3 Rb6 46. Nd8 Rb1 47. Nf7 Kf6 48. Nd6 Re1+ 49. Kf2 Ra1 50. Ne8+ Kf5 51. Nxc7 Kf4 52. Nd5+ Kf5 53. c7 Ra2+ 54. Ke3 1-0


[Site "https://www.chess.com"]

[Event "Titled Tuesday Blitz January 31 Early 2023"]
[White "Lamaze, Simon"]
[Black "Ivanova, Karina"]
[WhiteFideId "36069264"]
[BlackFideId "24139750"]
[WhiteElo "2363"]
[BlackElo "2085"]
[Result "0-1"]
[Round "01"]
[TimeControl "180+2"]
[Date "2023.01.31"]
[WhiteClock "0:00:12"]
[BlackClock "0:00:09"]

1. e4 c6 2. d4 d5 3. e5 Bf5 4. c4 e6 5. Nc3 Nd7 6. cxd5 cxd5 7. h4 h5 8. Bd3 Bxd3 9. Qxd3 Ne7 10. Nge2 Nc6 11. a3 a6 12. b4 Nb6 13. Bg5 Be7 14. Bd2 Bxh4 15. Nf4 g6 16. Rc1 Nc4 17. Nce2 b5 18. Be3 Be7 19. g4 h4 20. Nh3 a5 21. bxa5 Qxa5+ 22. Kf1 Qxa3 23. Qb1 Qb4 24. Qc2 Qa5 25. Bg5 Bxg5 26. Nxg5 Qd2 27. Qxd2 Nxd2+ 28. Kg2 Nc4 29. Nf3 Ra2 30. Nc3 Rb2 31. Ra1 Kd7 32. Ra6 Rb3 33. Rc1 b4 34. Nb5 h3+ 35. Kg3 h2 36. Rh1 Rb8 37. Nd6 Nxd4 38. Ra7+ Kc6 39. Nxf7 Rxf3+ 40. Kh4 Rxf2 41. Kg5 Nf3+ 42. Kxg6 Nfxe5+ 43. Nxe5+ Nxe5+ 44. Kg5 Rg2 45. Kf6 Nxg4+ 46. Ke7 Rb7+ 47. Rxb7 Kxb7 48. Kxe6 Nf2 49. Rb1 h1=Q 50. Rxb4+ Kc6 0-1


[Site "https://www.chess.com"]

[Event "Titled Tuesday Blitz January 31 Early 2023"]
[White "Ricaurte Lopez, Juan Carlos"]
[Black "Ingebretsen, Jens E"]
[WhiteFideId "3600327"]
[BlackFideId "1522965"]
[WhiteElo "2226"]
[BlackElo "2342"]
[Result "0-1"]
[Round "01"]
[TimeControl "180+2"]
[Date "2023.01.31"]
[WhiteClock "0:00:02"]
[BlackClock "0:00:26"]

1. e4 e5 2. d4 exd4 3. c3 Nc6 4. cxd4 d5 5. exd5 Qxd5 6. Nf3 Nf6 7. Be2 Bb4+ 8. Nc3 O-O 9. O-O Bxc3 10. bxc3 Bg4 11. Bf4 Na5 12. Bxc7 Nc4 13. Ne5 Bxe2 14. Qxe2 Rac8 15. Qxc4 Qxc4 16. Nxc4 Rxc7 17. Nd6 Rd8 18. Nb5 Rc4 19. Nxa7 Rxc3 20. Nb5 Rc6 21. a4 Ne4 22. Rfc1 g6 23. f3 Nd2 24. Rd1 Nc4 25. Ra2 Nd6 26. Kf2 Nxb5 27. axb5 Rb6 28. Rb2 Rd5 29. Ke3 Rdxb5 30. Rxb5 Rxb5 31. Rd2 Kf8 32. d5 Ke7 33. Kd4 Kd6 34. Rc2 Rxd5+ 35. Ke4 Rc5 36. Rd2+ Kc7 37. h4 b5 38. g4 h6 39. f4 b4 40. Rb2 Rc4+ 41. Ke5 Kc6 42. g5 hxg5 43. hxg5 Kc5 44. f5 gxf5 45. Kxf5 Rc1 46. Rf2 Kd4 47. Kf6 Rc7 48. Rf4+ Kc3 49. Re4 b3 50. Re7 Rxe7 51. Kxe7 b2 52. Kxf7 b1=Q 53. g6 Qb7+ 54. Kf6 Qc6+ 55. Kf7 Qd7+ 56. Kf6 Qd6+ 57. Kf7 Qf4+ 58. Ke7 Qg5+ 59. Kf7 Qf5+ 60. Kg7 Kd4 61. Kh6 Qh3+ 0-1


[Site "https://www.chess.com"]

[Event "Titled Tuesday Blitz January 31 Early 2023"]
[White "Kim, Sergey"]
[Black "Michalski, Olaf"]
[WhiteFideId "13700570"]
[BlackFideId "1106740"]
[WhiteElo "2295"]
[BlackElo "2273"]
[Result "1-0"]
[Round "01"]
[TimeControl "180+2"]
[Date "2023.01.31"]
[WhiteClock "0:00:36"]
[BlackClock "0:00:01"]

1. d4 d6 2. c4 g6 3. Nc3 Bg7 4. e4 Nc6 5. Nge2 e5 6. Be3 f5 7. d5 Nce7 8. f4 Nf6 9. fxe5 dxe5 10. Qc2 O-O 11. h3 Nxe4 12. Nxe4 fxe4 13. g4 c6 14. Nc3 cxd5 15. cxd5 Kh8 16. O-O-O Ng8 17. Kb1 Nf6 18. Be2 Qd6 19. Nb5 Qb4 20. a3 Qa5 21. Qc7 Qxc7 22. Nxc7 Rb8 23. Bxa7 Bd7 24. Bxb8 Rxb8 25. Bb5 Bxb5 26. Nxb5 e3 27. Rhe1 Bh6 28. d6 Nd7 29. Nc3 Re8 30. Nd5 Bf4 31. Nxe3 Re6 32. Nc4 g5 33. a4 e4 34. Ne3 Kg7 35. Nf5+ Kf6 36. b4 h5 37. a5 Re5 38. Kc2 Rb5 39. Kb3 1-0


[Site "https://www.chess.com"]

[Event "Titled Tuesday Blitz January 31 Early 2023"]
[White "Tuleyeva-Aketayeva, Dana"]
[Black "Solovchuk, Oleksiy"]
[WhiteFideId "13701932"]
[BlackFideId "14115220"]
[WhiteElo "2130"]
[BlackElo "2303"]
[Result "0-1"]
[Round "01"]
[TimeControl "180+2"]
[Date "2023.01.31"]
[WhiteClock "0:00:04"]
[BlackClock "0:00:42"]

1. d4 Nf6 2. Nf3 e6 3. g3 b6 4. Bg2 Bb7 5. O-O c5 6. dxc5 bxc5 7. c4 Be7 8. Nc3 O-O 9. b3 d5 10. Ne1 Na6 11. Ba3 Rb8 12. Nb5 Qb6 13. e3 Rfd8 14. Qe2 Bc6 15. Nc3 Qa5 16. Bb2 Be8 17. Nc2 d4 18. exd4 cxd4 19. Ne4 d3 20. Qd1 dxc2 21. Qxc2 Nb4 22. Qc3 Rd3 23. Qc1 Qd8 24. Be5 Rc8 25. a3 Nc6 26. Nxf6+ Bxf6 27. Bxf6 Qxf6 28. Be4 Rc3 29. Qb1 g6 30. Ra2 Nd4 31. Rb2 Rb8 32. b4 Rxc4 33. Bd3 Rc3 34. Be4 Rxa3 35. Ra2 Rxa2 36. Qxa2 Nb5 37. Qa6 Qd4 38. Bg2 Qxb4 39. Bf3 Qc3 40. Rd1 Qxf3 41. Rd6 Nxd6 0-1


[Site "https://www.chess.com"]

[Event "Titled Tuesday Blitz January 31 Early 2023"]
[White "Kiseleva, Arina"]
[Black "Al-Tarboush, Ward"]
[WhiteFideId "4164989"]
[BlackFideId "7601450"]
[WhiteElo "1962"]
[BlackElo "2256"]
[Result "0-1"]
[Round "01"]
[TimeControl "180+2"]
[Date "2023.01.31"]
[WhiteClock "0:00:28"]
[BlackClock "0:01:17"]

1. d4 Nf6 2. Nf3 g6 3. c4 Bg7 4. Nc3 d5 5. cxd5 Nxd5 6. Bd2 O-O 7. e4 Nb6 8. Be3 Bg4 9. Be2 Nc6 10. d5 Na5 11. O-O Bxf3 12. Bxf3 Nac4 13. Bd4 Nxb2 14. Qb3 Bxd4 15. Qxb2 Na4 16. Qc2 Nxc3 17. Rac1 Qd6 18. Qd3 Qf6 19. Rfe1 Be5 20. g3 b5 21. Bg2 g5 22. a3 a5 23. f4 gxf4 24. gxf4 Qxf4 25. Rxc3 Qxh2+ 26. Kf1 Bxc3 27. Qxc3 f6 28. Re3 Qe5 29. Qc6 Kh8 30. Bh3 Rg8 31. Be6 Qf4+ 32. Ke2 Rg2+ 33. Kd3 Qf1+ 34. Kd4 Rd2+ 35. Kc3 Qc1+ 0-1


[Site "https://www.chess.com"]

[Event "Titled Tuesday Blitz January 31 Early 2023"]
[White "Ferguson, Randal"]
[Black "Sharapov, Evgeny"]
[WhiteFideId "30903106"]
[BlackFideId "14103133"]
[WhiteElo "2058"]
[BlackElo "2375"]
[Result "0-1"]
[Round "01"]
[TimeControl "180+2"]
[Date "2023.01.31"]
[WhiteClock "0:00:28"]
[BlackClock "0:01:06"]

1. Nc3 c5 2. e4 Nc6 3. Bb5 Nd4 4. Nf3 g6 5. Bc4 Bg7 6. Nxd4 cxd4 7. Qf3 Nh6 8. Ne2 O-O 9. d3 Ng4 10. Bb3 Ne5 11. Qg3 Nc6 12. O-O Na5 13. f4 Nxb3 14. axb3 d6 15. Bd2 Bd7 16. Qf2 Qb6 17. Ba5 Qc5 18. Rfc1 b6 19. Bd2 a5 20. c3 dxc3 21. bxc3 Qxf2+ 22. Kxf2 f5 23. Ke3 fxe4 24. dxe4 Be6 25. Rab1 Rfc8 26. Nd4 Bd7 27. c4 e5 28. Nf3 exf4+ 29. Kxf4 Re8 30. h4 Bc6 31. Re1 Re7 32. Re2 Rae8 33. Rbe1 a4 34. bxa4 Bxa4 35. Nd4 Bxd4 0-1


[Site "https://www.chess.com"]

[Event "Titled Tuesday Blitz January 31 Early 2023"]
[White "Adithya A Chullikkad"]
[Black "Sukandar, Irine Kharisma"]
[WhiteFideId "45078734"]
[BlackFideId "7101937"]
[WhiteElo "2259"]
[BlackElo "2390"]
[Result "0-1"]
[Round "01"]
[TimeControl "180+2"]
[Date "2023.01.31"]
[WhiteClock "0:00:02"]
[BlackClock "0:00:10"]

1. d4 Nf6 2. Bf4 d5 3. e3 c5 4. c3 Nc6 5. Nd2 Qb6 6. Qb3 c4 7. Qc2 g6 8. f3 Bg7 9. e4 Nh5 10. Be3 e5 11. exd5 exd4 12. Nxc4 Qc5 13. cxd4 Nxd4 14. Qe4+ Kd8 15. O-O-O Bf5 16. Bxd4 Bh6+ 17. Kb1 Bxe4+ 18. fxe4 Qb4 19. Bxh8 Rc8 20. Nf3 Rxc4 21. Bxc4 Qxc4 22. Rhe1 Nf4 23. Ne5 Qb5 24. Nxf7+ Ke7 25. Nxh6 Nd3 26. Re3 Nb4 27. d6+ Kd7 28. e5 Ke6 29. d7 Qc4 30. Rc3 Qxa2+ 31. Kc1 Qa1+ 32. Kd2 Qxb2+ 33. Ke3 Qxc3+ 34. Kf2 Qc2+ 35. Ke1 Nd3+ 36. Rxd3 Qxd3 37. Ng4 Qxd7 38. Nf6 Qd3 39. Ne8 a5 40. Nc7+ Kd7 0-1


[Site "https://www.chess.com"]

[Event "Titled Tuesday Blitz January 31 Early 2023"]
[White "Delorme, Alban"]
[Black "TheKnightOfBosnia"]
[WhiteFideId "623636"]
[WhiteElo "2298"]
[BlackElo "2546"]
[Result "1-0"]
[Round "01"]
[TimeControl "180+2"]
[Date "2023.01.31"]
[WhiteClock "0:00:06"]
[BlackClock "0:00:13"]

1. e4 e5 2. Nf3 Nc6 3. Bc4 Nf6 4. d4 exd4 5. e5 d5 6. Bb5 Nd7 7. O-O Be7 8. Re1 O-O 9. Bxc6 bxc6 10. Nxd4 Nb8 11. c3 a5 12. Be3 Ra6 13. Nd2 c5 14. N4b3 Nd7 15. Nf3 a4 16. Nc1 Bb7 17. Ne2 Rg6 18. Nf4 d4 19. cxd4 Bxf3 20. Qxf3 Rb6 21. dxc5 Bxc5 22. Rad1 Qc8 23. Nd5 Re6 24. Qg3 Qb7 25. Nf4 Rxe5 26. Rxd7 Qxb2 27. Rd2 Qc3 28. Red1 Bxe3 29. fxe3 Rxe3 30. Qf2 Ree8 31. h3 Rb8 32. Rd3 Qe5 33. Nd5 c6 34. Ne3 c5 35. Ng4 Qe6 36. Qxc5 Rb2 37. Rd8 h5 38. Qxf8+ Kh7 39. Qh8+ Kg6 40. R8d6 hxg4 41. Rxe6+ fxe6 42. hxg4 Rxa2 43. Qh5+ Kf6 44. Rf1+ Ke7 45. Qf7+ Kd6 46. Rd1+ Ke5 47. Re1+ Kd4 48. Qf4+ Kc3 49. Re3+ Kd2 50. Qf2+ Kd1 51. Re1# 1-0


[Site "https://www.chess.com"]

[Event "Titled Tuesday Blitz January 31 Early 2023"]
[White "Gottstein, Claudius-Thomas"]
[Black "Elgersma, Onno"]
[WhiteFideId "4653327"]
[BlackFideId "1053531"]
[WhiteElo "2113"]
[BlackElo "2276"]
[Result "0-1"]
[Round "01"]
[TimeControl "180+2"]
[Date "2023.01.31"]
[WhiteClock "0:00:01"]
[BlackClock "0:00:17"]

1. Nf3 Nf6 2. d4 d5 3. e3 c5 4. c4 e6 5. Nc3 Nc6 6. a3 cxd4 7. exd4 dxc4 8. Bxc4 Be7 9. O-O O-O 10. h3 b6 11. Ne5 Bb7 12. Nxc6 Bxc6 13. Be3 Rc8 14. Qe2 Qd7 15. Rac1 Nd5 16. Nxd5 Bxd5 17. Bxd5 Qxd5 18. Rfd1 Bf6 19. Qa6 Qd7 20. a4 h6 21. a5 bxa5 22. Qxa5 Qb7 23. d5 Rxc1 24. Bxc1 exd5 25. Qxd5 Qa6 26. Qd6 Qe2 27. Qd2 Qe4 28. Qe3 Qa4 29. b3 Qa1 30. Re1 Qa2 31. Qf3 Qa6 32. Be3 Re8 33. Rd1 Rb8 34. Qd5 Qe2 35. Qd3 Qa2 36. Qb1 Qa3 37. Qf5 Qxb3 38. Rc1 Bb2 39. Rc8+ Rxc8 40. Qxc8+ Kh7 41. Qf5+ g6 42. Qd7 a5 43. Qa7 a4 0-1


[Site "https://www.chess.com"]

[Event "Titled Tuesday Blitz January 31 Early 2023"]
[White "Aung Thant Zin"]
[Black "Fiorito, Francisco"]
[WhiteFideId "13000063"]
[BlackFideId "180165"]
[WhiteElo "2268"]
[BlackElo "2305"]
[Result "1-0"]
[Round "01"]
[TimeControl "180+2"]
[Date "2023.01.31"]
[WhiteClock "0:00:38"]
[BlackClock "0:00:06"]

1. e4 c5 2. Nf3 Nc6 3. Bb5 g6 4. O-O Bg7 5. c3 Nf6 6. Re1 O-O 7. d4 d5 8. e5 Ne4 9. h3 Qb6 10. Bxc6 bxc6 11. Nbd2 cxd4 12. cxd4 Nxd2 13. Bxd2 Bf5 14. b4 h6 15. Bc3 Be4 16. Nd2 Bf5 17. Nb3 g5 18. Nc5 Rfd8 19. Qd2 e6 20. f4 g4 21. hxg4 Bxg4 22. Re3 h5 23. Nd3 Qb5 24. Nf2 Bf5 25. Rg3 Kf8 26. Nh3 Bh6 27. Ng5 Ke7 28. a4 Qc4 29. Rc1 Qa6 30. b5 cxb5 31. Bb4+ Ke8 32. Rc7 Bxg5 33. Rxg5 Bg6 34. Re7+ Kf8 35. Rxa7+ Kg7 36. Rxa6 Rxa6 37. axb5 Ra1+ 38. Kh2 Rb8 39. Qe2 Rb1 40. Be7 R8xb5 41. Qxh5 Kg8 42. Rxg6+ fxg6 43. Qxg6+ Kh8 44. Bf6# 1-0


[Site "https://www.chess.com"]

[Event "Titled Tuesday Blitz January 31 Early 2023"]
[White "Maltsevskaya, Aleksandra"]
[Black "Vidruska, Renate"]
[WhiteFideId "24174041"]
[BlackFideId "11601841"]
[WhiteElo "2390"]
[BlackElo "1991"]
[Result "1-0"]
[Round "01"]
[TimeControl "180+2"]
[Date "2023.01.31"]
[WhiteClock "0:01:53"]
[BlackClock "0:01:40"]

1. Nf3 d5 2. d4 c6 3. c4 e6 4. Nc3 Nf6 5. Bg5 Be7 6. Bxf6 Bxf6 7. e4 dxe4 8. Nxe4 O-O 9. Be2 Nd7 10. O-O Be7 11. Bd3 h6 12. Qe2 Re8 13. Rad1 Bf6 14. Nd6 Re7 15. Qe4 Nf8 16. c5 Qc7 17. Ne5 b6 18. Nxc6 Rd7 19. Ne5 Bxe5 20. Qxa8 Bxd6 21. cxd6 Rxd6 22. Rc1 1-0


[Site "https://www.chess.com"]

[Event "Titled Tuesday Blitz January 31 Early 2023"]
[White "Slade, Theodore"]
[Black "Filgueiras, Nathan Felipe"]
[WhiteFideId "426547"]
[BlackFideId "2188562"]
[WhiteElo "1995"]
[BlackElo "2319"]
[Result "1/2-1/2"]
[Round "01"]
[TimeControl "180+2"]
[Date "2023.01.31"]
[WhiteClock "0:00:17"]
[BlackClock "0:01:11"]

1. d4 Nf6 2. c4 e6 3. g3 d5 4. Bg2 Be7 5. Nf3 O-O 6. O-O a5 7. Qc2 c6 8. b3 b6 9. Bb2 Bb7 10. Nc3 Na6 11. e4 dxe4 12. Nxe4 Nxe4 13. Qxe4 Qc7 14. Ne5 Rac8 15. Rad1 Bf6 16. Rfe1 Bxe5 17. dxe5 Nc5 18. Qe3 Rfd8 19. Bd4 Nd7 20. Rd2 c5 21. Bc3 Bxg2 22. Kxg2 Nb8 23. Red1 Nc6 24. Rd6 h6 25. h4 Kf8 26. h5 Ke7 27. Qe4 Qb7 28. f3 Rxd6 29. exd6+ Kd7 30. Bxg7 Nd8 31. Bxh6 Qxe4 32. fxe4 Nc6 33. Rf1 Rh8 34. Rxf7+ Kxd6 35. Rf6 Ke7 36. Bg5 Rxh5 37. Rg6+ Kf7 38. Rf6+ Ke7 39. Rg6+ Kf7 40. Rf6+ Ke7 1/2-1/2


[Site "https://www.chess.com"]

[Event "Titled Tuesday Blitz January 31 Early 2023"]
[White "Lewtak, Damian"]
[Black "Bongo Akanga Ndjila, Barthelemy"]
[WhiteFideId "1141724"]
[BlackFideId "10609431"]
[WhiteElo "2381"]
[BlackElo "1824"]
[Result "1-0"]
[Round "01"]
[TimeControl "180+2"]
[Date "2023.01.31"]
[WhiteClock "0:02:45"]
[BlackClock "0:02:01"]

1. e4 e6 2. Nf3 d5 3. exd5 exd5 4. d4 Nf6 5. c4 Be7 6. Nc3 O-O 7. h3 c6 8. Be3 Re8 9. Qb3 h6 10. Be2 dxc4 11. Bxc4 Rf8 12. Ne5 Nbd7 13. Bxf7+ Kh7 14. Qc2+ Kh8 15. Ng6+ 1-0


[Site "https://www.chess.com"]

[Event "Titled Tuesday Blitz January 31 Early 2023"]
[White "Dobrikov, Marco"]
[Black "Osiecki, Stanislaw"]
[WhiteFideId "12950378"]
[BlackFideId "1102990"]
[WhiteElo "2269"]
[BlackElo "2055"]
[Result "0-1"]
[Round "01"]
[TimeControl "180+2"]
[Date "2023.01.31"]
[WhiteClock "0:00:19"]
[BlackClock "0:00:02"]

1. e4 e6 2. d4 d5 3. f3 dxe4 4. fxe4 Qh4+ 5. g3 Qxe4+ 6. Qe2 Qxh1 7. Nf3 Nc6 8. c3 e5 9. d5 Bg4 10. dxc6 Qxf3 11. cxb7 Rb8 12. Qxe5+ Ne7 13. Bb5+ Kd8 14. Bf4 Qd1+ 15. Kf2 Qf3+ 16. Kg1 Qd1+ 17. Kf2 Qf3+ 18. Kg1 Qd1+ 19. Bf1 Rxb7 20. Kf2 Qc2+ 21. Nd2 f6 22. Qd4+ Ke8 23. Bg2 Rxb2 24. Re1 Rb8 25. Bc6+ Kf7 26. Bd5+ Nxd5 27. Qxd5+ Kg6 28. h4 Bd6 29. Bxd6 cxd6 30. Re4 Bf5 31. h5+ Kg5 32. Kg1 Rb2 33. Nf3+ Kh6 34. Qd2+ Qxd2 35. Nxd2 Rxd2 36. Rf4 Rxa2 37. Rd4 Ra1+ 38. Kf2 Bb1 39. Ke3 Ra2 40. g4 Ra3 41. g5+ fxg5 42. Rd5 Kxh5 43. Rxd6 Kh4 44. Rd4+ Kg3 45. Ke2 g4 46. Rd5 Ra2+ 47. Ke3 Bg6 48. Re5 Kh3 49. Re6 g3 50. Re7 Kg2 51. Rxg7 Kf1 52. Rf7+ Kg1 0-1


[Site "https://www.chess.com"]

[Event "Titled Tuesday Blitz January 31 Early 2023"]
[White "Dilanyan, Grigor"]
[Black "Levine, David"]
[WhiteFideId "13303570"]
[BlackFideId "2011611"]
[WhiteElo "2174"]
[BlackElo "2040"]
[Result "1-0"]
[Round "01"]
[TimeControl "180+2"]
[Date "2023.01.31"]
[WhiteClock "0:01:38"]
[BlackClock "0:00:01"]

1. e4 e5 2. Nf3 Nc6 3. Bb5 a6 4. Ba4 Nf6 5. O-O Be7 6. d4 exd4 7. e5 Nd5 8. Bb3 Nb6 9. Nxd4 Nxd4 10. Qxd4 O-O 11. Nc3 d6 12. Bf4 Be6 13. Bxe6 fxe6 14. Rfe1 d5 15. Bg3 c5 16. Qg4 Qd7 17. Rad1 Qc6 18. Ne2 Nd7 19. Nf4 Rf5 20. Nxd5 Bf8 21. Ne3 Rf7 22. Rd6 Bxd6 23. exd6 Re8 24. h4 Nf6 25. Qd1 e5 26. Nc4 Ne4 27. Nxe5 Rxe5 28. Bxe5 Nxf2 29. d7 Rxd7 30. Qf3 Qxf3 31. gxf3 Nd1 32. Kf1 1-0


[Site "https://www.chess.com"]

[Event "Titled Tuesday Blitz January 31 Early 2023"]
[White "Mendez Fortes, Eduardo Jesus"]
[Black "kiwibobo"]
[WhiteFideId "3502376"]
[WhiteElo "2250"]
[BlackElo "2040"]
[Result "0-1"]
[Round "01"]
[TimeControl "180+2"]
[Date "2023.01.31"]
[WhiteClock "0:00:31"]
[BlackClock "0:00:24"]

1. e4 e5 2. Nf3 Nc6 3. Bb5 a6 4. Ba4 Nf6 5. O-O b5 6. Bb3 Bc5 7. Re1 O-O 8. a4 Rb8 9. c3 d6 10. d4 Bb6 11. h3 h6 12. axb5 axb5 13. Na3 Re8 14. Nxb5 exd4 15. Nbxd4 Nxd4 16. cxd4 Rxe4 17. Bc2 Rxe1+ 18. Qxe1 Bb7 19. Qe3 Qd7 20. Qd3 Be4 21. Qe2 Bxc2 22. Qxc2 Qe6 23. Bd2 Qd5 24. Bc3 Ne4 25. Re1 Nxc3 26. bxc3 Ba5 27. Re7 Kf8 28. Re3 Qb3 29. Qh7 Qb1+ 30. Qxb1 Rxb1+ 31. Kh2 Rc1 32. Re2 Rxc3 33. Kg3 Bb6 34. Rd2 Ke7 35. Kf4 Kf6 36. Ke4 Ra3 37. Ne1 Ra4 38. Nc2 c5 39. Kd5 cxd4 40. Ne1 Bc5 41. Nd3 Ra5 42. Ke4 Ke6 43. Nf4+ Kd7 44. Rb2 g5 45. Nd3 Ke6 46. Kf3 Ra3 47. Ke2 Kd5 48. Rc2 Ke4 49. f3+ Kd5 50. h4 Rc3 51. Rd2 f6 52. h5 Ke6 53. Ra2 Kd5 54. Rb2 Kc4 55. Ne1 d3+ 56. Kd2 Bb4 57. Kd1 Ra3 58. Rb1 Bxe1 59. Kxe1 Ra2 60. Rb7 Rxg2 61. Rh7 Kc3 62. Rc7+ Kd4 63. Rd7 Ke3 64. Kf1 Rf2+ 65. Kg1 Rxf3 66. Rxd6 d2 67. Kg2 Rf4 68. Re6+ Kd3 69. Rd6+ Kc2 70. Rxf6 Rxf6 0-1


[Site "https://www.chess.com"]